 Dungeon Crawl Stone Soup version 0.13.0-26-gf7ffa3a (webtiles) character file.

135 Impy the Poker (level 3, -1/28 HPs)
             Began as a Demonspawn Gladiator on Oct 31, 2013.
             Slain by a gnoll
             ... wielding a +0,+0 spear
              (3 damage)
             ... on Level 2 of the Dungeon.
             The game lasted 00:03:49 (873 turns).

Impy the Poker (Demonspawn Gladiator)                Turns: 873, Time: 00:03:50

HP  -1/28        AC  6     Str 15      XL: 3   Next: 71%
MP   2/2         EV 12     Int 10      God:
Gold 79          SH  0     Dex 13      Spells:  0 memorised,  2 levels left

Res.Fire  : . . .   See Invis. : .   a - +0,+1 trident
Res.Cold  : . . .   Warding    : .   b - +0 leather armour
Life Prot.: . . .   Conserve   : .   (no shield)
Res.Poison: .       Res.Corr.  : .   (helmet restricted)
Res.Elec. : .       Clarity    : .   (no cloak)
Sust.Abil.: . .     Spirit.Shd : .   p - +0 pair of gloves
Res.Mut.  : .       Stasis     : .   (no boots)
Res.Rott. : .       Flight     : .   (no amulet)
Saprovore : . . .                    (no ring)
                                     (no ring)

@: hasted, very quick, not resistant to hostile enchantments, very unstealthy
A: antennae 1, AC +2
a: no special abilities


You were on level 2 of the Dungeon.
You were not hungry.

You visited 1 branch of the dungeon, and saw 2 of its levels.

You collected 59 gold pieces.

Inventory:

Hand weapons
 a - a +0,+1 trident (weapon)
Missiles
 d - 3 throwing nets (quivered)
Armour
 b - a +0 leather armour (worn)
 c - a +0 helmet
 p - a +0 pair of gloves (worn)
Comestibles
 f - 3 bread rations
 i - a choko
 j - a meat ration
Scrolls
 m - a scroll of remove curse
Jewellery
 l - an uncursed ring of positive energy {unknown}
Potions
 h - a potion of restore abilities {unknown}
 k - a potion of porridge {unknown}
 o - a potion of heal wounds {unknown}


   Skills:
 - Level 2.0 Fighting
 + Level 3.5 Polearms
 - Level 1.7 Throwing
 + Level 3.5 Dodging


You had 2 spell levels left.
You didn't know any spells.

Dungeon Overview and Level Annotations

Branches:
Dungeon (2/27)

Altars:


Innate Abilities, Weirdness & Mutations

You have a pair of small antennae on your head.
You are partially covered in thin metallic scales (AC +2).


Message History

You reach to attack!
You barely miss the gnoll. The gnoll misses you. The gnoll closely misses you.
Attack whom?
Press: ? - help, Dir - move target cursor, f/p - gnoll
Aim: a gnoll, wielding a spear You reach to attack!
You hit the gnoll.
The gnoll is lightly wounded.
The gnoll hits you from afar with a spear.
* * * LOW HITPOINT WARNING * * *
Attack whom?
Press: ? - help, Dir - move target cursor, f/p - gnoll
Aim: a gnoll, wielding a spear (lightly wounded)
You reach to attack!
You hit the gnoll.
The gnoll is moderately wounded.
The gnoll hits you from afar with a spear.
* * * LOW HITPOINT WARNING * * *
Drink which item? (? for menu, Esc to quit)
You feel yourself speed up.
It was a potion of speed.
The gnoll hits you from afar with a spear.
You die...

*******,,,,,,,,, *
#####.#..... *,,,,,,,,, *
#.......###. ********
###***#.......###.
#..,,,+...........
#.#***#......###.. #.#
#......'.'..
#.#####......###..
#!....+.....%# #..
#@#####......# #..
******##...........# #..
*,,,,,,+g....%.....# #..
*,*****#.?...####+## #.. *,*
#.....# *,* #.. *********
,*****#.....#***,* #..
,,,,,,,,,,,,,,,,+.>...+,, ,*
#..
**********,*****#.....#*****
### * *,,,,,.......# *


You could see a gnoll.

Vanquished Creatures
  A giant mite (D:1)
  A worm (D:2)
  An ooze (D:1)
  5 bats
  4 hobgoblins
  2 jackals (D:2)
  9 kobolds
  A quokka (D:2)
  A ball python (D:2)
  2 giant cockroaches (D:2)
  A giant gecko (D:2)
  3 giant newts
  7 goblins
  5 rats
43 creatures vanquished.

Notes
Turn   | Place    | Note
--------------------------------------------------------------
     0 | D:1      | Impy, the Demonspawn Gladiator, began the quest for the Orb.
     0 | D:1      | Reached XP level 1. HP: 17/17 MP: 0/0
    79 | D:1      | Reached skill level 3 in Polearms
    79 | D:1      | Gained mutation: You have a pair of small antennae on your head. [demonic ancestry]
    79 | D:1      | Reached XP level 2. HP: 16/23 MP: 1/1
   476 | D:1      | Gained mutation: You are partially covered in thin metallic scales (AC +2). [demonic ancestry]
   476 | D:1      | Reached XP level 3. HP: 23/28 MP: 2/2
   873 | D:2      | Slain by a gnoll

Action                   || total
-------------------------++-------
Melee: Trident           ||   135
  Use: Scroll            ||     4
       Potion            ||     2
 Stab: Sleeping          ||     1
